AoeStats
← Ourlyfe

Arabia

510059302Analyzed
1v1 RM · 2d ago on Sep 29, 2026· 60m 58s· 2 players
Game mode
Random Map
Map size
Tiny (2 player)
Population
200
Speed
Normal
Resources
Standard
Victory
Conquest
Starting age
Dark Age
Ending age
Imperial Age
RankedLock teamsTeams togetherTeam positionsShared explorationLock speedFull tech treeHidden civsTurbo modeCheats
Victory
Defeat
🇩🇰 Varangians · Denmark
1042
+16
🇮🇹 Bohemians · Italy
1037
-21
Ourlyfe
2:53 Loom
11:23 Feudal Age
12:39 Double-Bit Axe
16:37 Fletching
20:31 Padded Archer Armor
21:01 Horse Collar
24:30 Castle Age
23:03 Scale Mail Armor
25:57 Squires
26:21 Leather Archer Armor
26:48 Wheelbarrow
27:32 Chemistry
26:55 Ballistics
31:31 Heavy Plow
33:59 Wagenburg Tactics
33:21 Light Cavalry
34:48 Bodkin Arrow
34:56 Husbandry
35:17 Bow Saw
36:56 Scale Barding Armor
42:24 Imperial Age
40:12 Hand Cart
41:23 Chain Barding Armor
44:00 Ring Archer Armor
44:30 Forging
48:46 Elite Hussite Wagon
54:40 Iron Casting
OrakelDan
6:46 Loom
8:51 Feudal Age
10:27 Double-Bit Axe
10:56 Double-Bit Axe
19:37 Horse Collar
22:51 Castle Age
22:13 Gold Mining
22:58 Scale Mail Armor
23:09 Fletching
24:25 Bow Saw
24:18 Heavy Plow
26:38 Squires
28:01 Gambesons
29:59 Chain Mail Armor
29:54 Forging
29:45 Arson
32:39 Iron Casting
32:39 Elite Skirmisher
33:26 Bodkin Arrow
39:48 Imperial Age
40:48 Wheelbarrow
39:59 Town Watch
40:20 Stone Mining
42:31 Hand Cart
42:16 Town Patrol
42:23 Bracer
42:23 Padded Archer Armor
43:18 Elite Varangian Guard
44:40 Siege Engineers
46:47 Conscription
45:51 Gothikon
47:36 Gothikon
49:25 Ballistics
50:06 Chemistry
49:18 Masonry
49:47 Plate Mail Armor
50:18 Blast Furnace
49:34 Leather Archer Armor
57:19 Murder Holes
60:07 Architecture
59:18 Treadmill Crane
59:26 Treadmill Crane
60:17 Architecture
Connection lost

Rejoining the realm…

Still unreachable

The connection could not be restored.

Session expired

The server has moved on; the page needs a fresh start.